 Dungeon Crawl Stone Soup version 0.22.1-2-g9c5b331 (webtiles) character file.

10392 myga the Unseen (level 11, -17/80 HPs)
             Began as a Vampire Assassin on Dec 8, 2018.
             Was a High Priest of Dithmenos.
             Hit by a large rock thrown by a cyclops (41 damage)
             ... on level 1 of the Orcish Mines.
             The game lasted 01:19:06 (13953 turns).

myga the Unseen (Vampire Assassin)                 Turns: 13953, Time: 01:19:07

Health: -17/80     AC:  0    Str: 13    XL:     11   Next: 35%
Magic:  10/12      EV: 25    Int: 11    God:    Dithmenos [*****.]
Gold:   795        SH:  0    Dex: 22    Spells: 8/14 levels left

rFire    . . .     SeeInvis +   (weapon currently unavailable)
rCold    + . .     Gourm    .   (shield currently unavailable)
rNeg     + + .     Faith    +   (armour currently unavailable)
rPois    +         Spirit   .   (helmet currently unavailable)
rElec    .         Reflect  .   (cloak currently unavailable)
rCorr    .         Harm     .   (gloves currently unavailable)
MR       +....                  (boots currently unavailable)
Stlth    ++++++++++             E - amulet of faith
HPRegen  0.11/turn              (ring currently unavailable)
MPRegen  0.13/turn              (ring currently unavailable)

@: bat-form, flying, regenerating slowly, wreathed by umbra, very quick
A: tiny, fangs 3, see invisible, dopey 1, low mp 1
a: End Transformation, Shadow Step, Shadow Form, Renounce Religion


You were on level 1 of the Orcish Mines.
You worshipped Dithmenos.
Dithmenos was extremely pleased with you.
You were thirsty.
You were in vampire-bat-form.
You visited 3 branches of the dungeon, and saw 13 of its levels.

You collected 795 gold pieces.

Inventory:

Hand Weapons
 a - the +9 short sword of Proximity (melded) {venom, *Contam rC+ Int+4 Stlth+}
   (You found it on level 6 of the Dungeon)

   It poisons the flesh of those it strikes.
   It affects your intelligence (+4).
   It protects you from cold.
   It causes magical contamination when unequipped.
   It makes you more stealthy.
 b - a +0 blowgun
Missiles
 e - 18 poisoned needles
 f - 4 curare-tipped needles
 m - 223 stones
 o - 283 arrows
 L - 8 needles of paralysis
 M - 8 tomahawks
 W - 3 javelins (quivered)
Armour
 d - a +1 cloak (melded)
 k - a +0 pair of gloves (melded)
 w - a +2 buckler of fire resistance (melded)
 O - the +0 leather armour "Cugrat" (melded) {rF+ rC+ Str+8 Int-3}
   (You found it on level 9 of the Dungeon)

   It affects your strength (+8).
   It affects your intelligence (-3).
   It protects you from fire.
   It protects you from cold.
 T - a scarf of resistance
 V - a +0 shield
Jewellery
 j - a ring of stealth (melded)
 n - an uncursed ring of ice
 D - a ring of wizardry (melded)
 E - an amulet of faith (around neck)
 N - an uncursed ring of positive energy
 Y - an uncursed ring of see invisible
Wands
 c - a wand of flame (12)
 B - a wand of digging (8)
 P - a wand of disintegration (12)
Scrolls
 g - a scroll of identify
 h - 5 scrolls of teleportation
 q - 8 scrolls of magic mapping
 r - 6 scrolls of fog
 u - 2 scrolls of amnesia
 x - a scroll of immolation
 y - a scroll of vulnerability {unknown}
 z - a scroll of noise
 A - 5 scrolls of remove curse
 H - a scroll of random uselessness
 I - a scroll of blinking
 K - 3 scrolls of enchant weapon
 S - a scroll of torment
Potions
 i - 4 potions of flight
 l - a potion of might
 p - 2 potions of haste
 s - 5 potions of lignification
 t - 3 potions of brilliance
 v - a potion of invisibility
 C - 4 potions of heal wounds
 F - 32 potions of blood
 G - a potion of degeneration
 J - a potion of berserk rage
 Q - a potion of cancellation
 R - a potion of curing
 X - a potion of magic {unknown}


   Skills:
 + Level 5.5 Fighting
 + Level 9.3 Short Blades
 + Level 3.8 Throwing
 + Level 2.8 Armour
 + Level 5.6 Dodging
 + Level 17.0 Stealth
 + Level 3.7 Shields
 + Level 2.1 Spellcasting
 + Level 1.2 Summonings
 + Level 1.6 Necromancy
 + Level 1.5 Transmutations
 + Level 1.2 Evocations


You had 8 spell levels left.
You knew the following spells:

 Your Spells              Type           Power        Failure   Level  Hunger
a - Summon Small Mammal   Summ           #...         17%         1    ##.....
b - Animate Skeleton      Necr           N/A          14%         1    ##.....
c - Apportation           Tloc           #.....       28%         1    ##.....
d - Sticks to Snakes      Tmut           #.......     24%         2    ###....
e - Beastly Appendage     Tmut           #.....       16%         1    ##.....

Your spell library contained the following spells:

 Spells                   Type           Power        Failure   Level  Hunger
 Confusing Touch          Hex            #.....       28%         1    ##.....
 Spider Form              Tmut/Pois      #.........   54%         3    ####...
 Ice Form                 Ice/Tmut       #.......     91%         4    #####..
 Blade Hands              Tmut           #.........   99%         5    ######.


Dungeon Overview and Level Annotations

Branches:
Dungeon (11/15)            Temple (1/1) D:4             Orc (1/2) D:11
   Lair: D:8-11

Altars:
Ashenzari
Cheibriados
Dithmenos
Elyvilon
Fedhas
Gozag
Hepliaklqana
Kikubaaqudgha
Makhleb
Nemelex Xobeh
Okawaru
Qazlal
Ru
Sif Muna
Trog
Uskayaw
Vehumet
Wu Jian
Xom
Yredelemnul
Zin
The Shining One
Lugonu

Shops:
D:5 }[   D:7 *!??%   D:9 %}![   D:10 *((   D:11 *   Orc:1 (

Annotations:
D:11 Grum


Innate Abilities, Weirdness & Mutations

You heal slowly.
You have razor-sharp teeth.
You have supernaturally acute eyesight. (SInv)
((You can survive without breathing.))
((You have sharp toenails.))
You are dopey. (Int -2)
Your magical capacity is low. (-10% MP)


Message History

Your ring of wizardry melds into your body.
Your ring of stealth melds into your body.
The +9 short sword of Proximity {venom, *Contam rC+ Int+4 Stlth+} stops You feel less resistant to fire.
You are feeling thirsty.
The cyclops throws a large rock.
The large rock completely misses you.
The cyclops throws a large rock.
The large rock barely misses you.
The cyclops throws a large rock.
The large rock misses you.
The cyclops throws a large rock.
The large rock hits you!!
* * * LOW HITPOINT WARNING * * *
The cyclops throws a large rock.
The large rock closely misses you.
You see here a large rock.
The cyclops throws a large rock.
The large rock barely misses you.
The cyclops throws a large rock.
The large rock completely misses you.
The cyclops throws a large rock.
The large rock completely misses you.
The cyclops throws a large rock.
The large rock closely misses you.
A warg comes into view.
The cyclops throws a large rock.
The large rock hits you!!!
Ouch! That really hurt!
You die...

..........................##
...........................#
...........................#
...).......................#
#..........................#
.........)..........C......#
#....).................C...#
#.....)##)........(.....(..#
[.......#.......b..........#
#....................(.....#
##.........h##..((.(.......#
#.............#..#(.รท.....(#
...............###....(....#
..............#.##.....(...#
.................#...C......#
.......#...$...............##
##....#....................#


You could see 3 cyclopes and a warg (wandering).

Vanquished Creatures
  An ettin (Orc:1)
  2 two-headed ogres (D:10)
  2 centaur zombies (D:10)
  The ghost of dvd the Digger, a novice TrEE of Ashenzari (D:4)
  2 trolls
  Grinder (D:6)
  2 hippogriffs
  3 wargs (Orc:1)
  Edmund (D:4)
  2 black bears
  6 ice beasts
  7 orc warriors
  4 sky beasts
  4 phantoms
  2 ogres
  5 wolves
  2 necrophages
  5 centaurs
  5 bullfrogs
  A wyvern skeleton (D:11)
  4 scorpions
  8 killer bees
  5 howler monkeys
  4 crimson imps
  A quasit (D:9)
  2 bullfrog skeletons
  An iron imp (D:6)
  7 orc priests
  6 hounds
  2 centaur skeletons
  6 iguanas
  11 orc wizards
  5 worker ants
  2 hound zombies (D:7)
  2 hound skeletons (D:6)
  4 worker ant zombies
  8 gnolls
  15 adders
  2 shadow imps
  4 oozes
  A dart slug (D:4)
  A leopard gecko (D:2)
  33 orcs
  8 bats
  A giant cockroach (D:3)
  4 goblins
  7 hobgoblins
  5 jackals
  9 kobolds
  5 quokkas
  8 ball pythons
  3 frilled lizards
  A jackal zombie (D:5)
  2 quokka zombies (D:6)
  8 rats
253 creatures vanquished.

Notes
Turn   | Place    | Note
-------+----------+-------------------------------------------
     0 | D:1      | myga the Vampire Assassin began the quest for the Orb.
     0 | D:1      | Reached XP level 1. HP: 16/16 MP: 1/1
    18 | D:1      | Reached skill level 6 in Stealth
   395 | D:1      | Reached XP level 2. HP: 7/22 MP: 2/2
  1224 | D:2      | Reached XP level 3. HP: 27/27 MP: 3/3
  1231 | D:2      | Found a shadowy altar of Dithmenos.
  1369 | D:2      | Became a worshipper of Dithmenos the Shadowed
  1410 | D:2      | Reached skill level 7 in Stealth
  1444 | D:2      | Reached XP level 4. HP: 33/33 MP: 4/4
  1593 | D:2      | Noticed a water elemental
  1595 | D:2      | Found a stormy altar of Qazlal.
  1599 | D:2      | Noticed an air elemental
  1603 | D:2      | Noticed an earth elemental
  1603 | D:2      | Noticed a fire elemental
  2019 | D:3      | Found an opulent altar of Gozag.
  2577 | D:3      | Found a sacrificial altar of Ru.
  2577 | D:3      | Found a hazy altar of Hepliaklqana.
  2866 | D:4      | Reached XP level 5. HP: 39/39 MP: 5/5
  2942 | D:4      | Noticed Edmund
  2945 | D:4      | Gained mutation: You are dopey. (Int -2) [potion of
                  | mutation]
  2945 | D:4      | Gained mutation: You have sharp toenails. [potion of
                  | mutation]
  2953 | D:4      | Killed Edmund
  2953 | D:4      | Reached skill level 8 in Stealth
  2953 | D:4      | Reached XP level 6. HP: 46/46 MP: 6/6
  3155 | D:4      | Reached * piety under Dithmenos
  3159 | D:4      | Reached skill level 9 in Stealth
  3201 | D:4      | Noticed dvd's ghost (novice TrEE)
  3894 | D:4      | Found a runed gate.
  3895 | D:4      | Found a runed gate.
  3895 | D:4      | Found a runed gate.
  3913 | D:4      | Found a deep blue altar of Sif Muna.
  4139 | D:4      | Found a staircase to the Ecumenical Temple.
  4442 | D:4      | Killed dvd's ghost
  4442 | D:4      | Reached skill level 10 in Stealth
  4442 | D:4      | Reached XP level 7. HP: 17/51 MP: 7/7
  4501 | Temple   | Entered the Ecumenical Temple
  4624 | D:5      | Entered Level 5 of the Dungeon
  4711 | D:5      | Reached skill level 5 in Short Blades
  4711 | D:5      | Reached skill level 1 in Shields
  4991 | D:5      | Found a glowing golden altar of the Shining One.
  5015 | D:5      | Found Guptuiji's Gadget Shoppe.
  5064 | D:5      | Found Samuy's Antique Armour Shop.
  5938 | D:5      | HP: 1/52 [centaur/enchanted shortbow (7)]
  6941 | D:5      | Reached XP level 8. HP: 30/58 MP: 8/8
  7527 | D:5      | Found a basalt altar of Yredelemnul.
  7537 | D:5      | Reached skill level 11 in Stealth
  7723 | D:6      | Got a transparent short sword
  7754 | D:6      | Noticed Grinder
  7768 | D:6      | Reached ** piety under Dithmenos
  7791 | D:6      | Killed Grinder
  7802 | D:6      | Found a shimmering altar of Xom.
  7811 | D:6      | Identified the +9 short sword of Proximity {venom, *Contam
                  | rC+ Int+4 Stlth+} (You found it on level 6 of the Dungeon)
  7850 | D:6      | Reached XP level 9. HP: 43/65 MP: 9/9
  8105 | D:6      | Reached skill level 12 in Stealth
  8145 | D:6      | Found a burning altar of Makhleb.
  8238 | D:6      | Found a snail-covered altar of Cheibriados.
  8558 | D:7      | Found Ryjafer's Assorted Antiques.
  8628 | D:7      | Found an iron altar of Okawaru.
  8653 | D:7      | Found Weus's Magic Scroll Shop.
  8656 | D:7      | Found Igyox's Magic Scroll Emporium.
  8700 | D:7      | Reached skill level 1 in Evocations
  8787 | D:7      | Found Tejachix's Distillery.
  8896 | D:7      | Found Maf Ala's Food Shop.
  8972 | D:7      | Reached *** piety under Dithmenos
  8972 | D:7      | Reached skill level 5 in Dodging
  9317 | D:7      | Reached skill level 13 in Stealth
  9425 | D:7      | Reached skill level 1 in Armour
 10565 | D:9      | Found Raurhac's Food Shoppe.
 10569 | D:9      | Reached XP level 10. HP: 72/73 MP: 10/10
 10585 | D:9      | Reached skill level 14 in Stealth
 11241 | D:9      | Found Igeogo's Gadget Shop.
 11295 | D:9      | Learned a level 1 spell: Summon Small Mammal
 11297 | D:9      | Learned a level 1 spell: Animate Skeleton
 11299 | D:9      | Learned a level 1 spell: Apportation
 11317 | D:9      | Found a shadowy altar of Dithmenos.
 11321 | D:9      | Reached skill level 5 in Fighting
 11381 | D:9      | Found Mainer's Distillery.
 11470 | D:9      | Got a smelly leather armour
 11481 | D:9      | Identified the +0 leather armour "Cugrat" {rF+ rC+ Str+8
                  | Int-3} (You found it on level 9 of the Dungeon)
 11536 | D:9      | Found Ifoled's Armour Shop.
 11897 | D:9      | Found a white marble altar of Elyvilon.
 11966 | D:10     | Entered Level 10 of the Dungeon
 11966 | D:10     | Found Xaruewn's Assorted Antiques.
 11971 | D:10     | Reached **** piety under Dithmenos
 12039 | D:10     | Reached skill level 1 in Summonings
 12051 | D:10     | Noticed a two-headed ogre
 12056 | D:10     | Killed a two-headed ogre
 12056 | D:10     | Reached skill level 15 in Stealth
 12056 | D:10     | Reached skill level 1 in Spellcasting
 12323 | D:10     | Noticed a two-headed ogre
 12334 | D:10     | Killed a two-headed ogre
 12334 | D:10     | Reached skill level 1 in Necromancy
 12369 | D:10     | Found Mainer's Weapon Shoppe.
 12425 | D:10     | Reached skill level 16 in Stealth
 12537 | D:10     | Learned a level 2 spell: Sticks to Snakes
 12539 | D:10     | Learned a level 1 spell: Beastly Appendage
 12616 | D:10     | Found Nucs's Antique Weapon Shoppe.
 12710 | D:10     | Gained mutation: Your magical capacity is low. (-10% MP)
                  | [mutagenic glow]
 12891 | D:11     | Reached XP level 11. HP: 80/80 MP: 12/12
 12935 | D:11     | Found Letsygok's Assorted Antiques.
 13106 | D:11     | Noticed Grum
 13154 | D:11     | Reached skill level 1 in Transmutations
 13187 | D:11     | Reached ***** piety under Dithmenos
 13239 | D:11     | Found a staircase to the Orcish Mines.
 13316 | Orc:1    | Entered Level 1 of the Orcish Mines
 13374 | Orc:1    | Found Qumeqa's Antique Weapon Shoppe.
 13501 | Orc:1    | Noticed an ettin
 13523 | Orc:1    | Killed an ettin
 13920 | Orc:1    | Reached skill level 17 in Stealth
 13953 | Orc:1    | Hit by a large rock thrown by a cyclops

Skill      XL: |  1  2  3  4  5  6  7  8  9 10 11 |
---------------+----------------------------------+-----
Stealth        | 6 7 8 10 11 13 16 17 | 17.0
Fighting       | 2 3 4 5 |  5.5
Throwing       | 2 3 |  3.8
Short Blades   | 3 4 5 6 7 8 9 |  9.3
Dodging        | 2 3 4 5 |  5.6
Shields        | 1 3 |  3.7
Evocations     | 1 |  1.2
Armour         | 1 2 |  2.8
Summonings     | 1 |  1.2
Spellcasting   | 1 2 |  2.1
Necromancy     | 1 |  1.6
Transmutations | 1 |  1.5

Action                   |  1- 3 |  4- 6 |  7- 9 | 10-12 || total
-------------------------+-------+-------+-------+-------++-------
Melee: Dagger            |    70 |   161 |    85 |       ||   316
       Bite              |     5 |    25 |    25 |    20 ||    75
       Kick              |       |    32 |    85 |    60 ||   177
       Short sword       |       |       |   197 |   178 ||   375
 Fire: Blowgun           |    21 |       |     3 |       ||    24
Throw: Stone             |       |    11 |    14 |       ||    25
       Tomahawk          |       |       |    12 |     6 ||    18
       Javelin           |       |       |       |     6 ||     6
 Cast: Animate Skeleton  |       |       |       |     4 ||     4
       Summon Small Mamm |       |       |       |     1 ||     1
       Sticks to Snakes  |       |       |       |     5 ||     5
 Abil: Bat Form          |       |       |     2 |     1 ||     3
       End Transformatio |       |       |     2 |       ||     2
Evoke: Wand              |       |     1 |     9 |     2 ||    12
  Use: Scroll            |     3 |     9 |     8 |     2 ||    22
       Potion            |     1 |    13 |    13 |     7 ||    34
 Stab: Sleeping          |     6 |    18 |    31 |    33 ||    88
       Distracted        |       |       |       |     3 ||     3
Armor: Robe              |    20 |    12 |    17 |       ||    49
       Leather armour    |       |       |     4 |    15 ||    19
Dodge: Dodged            |    59 |    49 |   102 |   101 ||   311
Block: Buckler           |       |    12 |    65 |    43 ||   120
